 Seeded DCSS version 0.30-a0-373-gd37427bb62 (webtiles) character file.

Game seed: 9179525984983259192 (custom seed)

73 purpskrrrp the Shooter (level 3, -2/30 HPs)
             Began as a Demigod Hunter on Nov 24, 2022.
             Slain by a gnoll
             ... wielding a +0 halberd
              (13 damage)
             ... on level 2 of the Dungeon.
             The game lasted 00:02:30 (1163 turns).

purpskrrrp the Shooter (Demigod Hunter)             Turns: 1163, Time: 00:02:31

Health: -2/30      AC:  3    Str: 12    XL:     3   Next: 83%
Magic:  5/5        EV: 12    Int: 17    God:
Gold:   95         SH:  0    Dex: 21    Spells: 2/2 levels left

rFire   . . .      SeeInvis .    a - +0 shortbow
rCold   . . .      Faith    .    (shield currently unavailable)
rNeg    . . .      Spirit   .    c - +0 leather armour
rPois   .          Reflect  .    (no helmet)
rElec   .          Harm     .    (no cloak)
rCorr   .          Rampage  .    (no gloves)
Will    .....                    (no boots)
Stlth   ++........               (no amulet)
HPRegen 0.25/turn                h - +6 ring of intelligence
MPRegen 0.09/turn                (no ring)

@: no status effects
A: high MP 1, forlorn, divine attributes
a: no special abilities


You were on level 2 of the Dungeon.
You visited 1 branch of the dungeon, and saw 2 of its levels.

You collected 95 gold pieces.

Inventory:

Hand Weapons
 a - a +0 shortbow (weapon)
Armour
 c - a +0 leather armour (worn)
Jewellery
 h - a +6 ring of intelligence (left hand)
Scrolls
 b - a scroll of immolation
 e - 2 scrolls of noise
Potions
 d - a potion of cancellation
 j - a potion of mutation
 k - 2 potions of degeneration
 l - a potion of might {unknown}
 m - 2 potions of heal wounds {unknown}


   Skills:
 + Level 2.5 Fighting
 + Level 4.0 Ranged Weapons
 + Level 2.4 Dodging
 + Level 2.0 Stealth


You had 2 spell levels left.
You didn't know any spells.
Your spell library contained the following spells:

 Spells                   Type           Power      Damage    Failure   Level
 Ozocubu's Armour         Ice            0%         N/A       65%         3
 Metabolic Englaciation   Hex/Ice        0%         N/A       100%        5
 Simulacrum               Ice/Necr       0%         N/A       100%        6


Dungeon Overview and Level Annotations

Branches:
Dungeon (2/15)


Innate Abilities, Weirdness & Mutations

You have an increased reservoir of magic. (+10% MP)
You shall have no god before yourself.
Your divine heritage dramatically boosts your attributes as you level up.


Message History

The kobold barely misses you.
The gnoll hits you from afar with a +0 spear.
* * * LOW HITPOINT WARNING * * *
The gnoll barely misses you.
You are too injured to fight recklessly!
You are too injured to fight recklessly!
You are too injured to fight recklessly!
You are too injured to fight recklessly!
You are too injured to fight recklessly!
You are too injured to fight recklessly!
You are too injured to fight recklessly!
You are too injured to fight recklessly!
You are too injured to fight recklessly!
You are too injured to fight recklessly!
You are too injured to fight recklessly!
You are too injured to fight recklessly!
You are too injured to fight recklessly!
You are too injured to fight recklessly!
You are too injured to fight recklessly!
You are too injured to fight recklessly!
You are too injured to fight recklessly!
You are too injured to fight recklessly!
You are too injured to fight recklessly!
You are too injured to fight recklessly!
Okay, then.
Okay, then.
As you read the scroll labelled ANAURGH YLEO, it crumbles to dust.
It is a scroll of amnesia.
You feel forgetful for a moment. The gnoll barely misses you.
The gnoll closely misses you. The kobold misses you.
This is a scroll of acquirement!
Something appears at your feet!
The gnoll hits you from afar with a +0 spear.
* * * LOW HITPOINT WARNING * * *
The kobold closely misses you. The gnoll hits you but does no damage.
It was a potion of curing.
You feel better.
The gnoll hits you from afar with a +0 spear.
The kobold misses you.
The gnoll hits you from afar with a +0 halberd!
You die...

..# ..# ...#.#
..# ..#.# #.#
#.#.# #.#
##.#.####### ..#
#...........
#..... ###
####......[....
#.....
.........g..)..
#.....
)####...@Kg.....
#.....
.........#......
#.....
.........# .....
#.....
.........# ....
#.....
.#######.# ###
#..... #.######
#..... ##.#....#
#..... #..#.##.#
##.### #.##.##.#
#.#


You could see 2 gnolls and a kobold.

Vanquished Creatures
  2 adders (D:2)
  A gnoll (D:2)
  2 dart slugs (D:1)
  5 endoplasms
  A giant cockroach (D:2)
  4 goblins (D:2)
  6 hobgoblins
  3 kobolds (D:1)
  4 quokkas
  4 ball pythons
  A bat (D:1)
  3 frilled lizards
  2 rats (D:2)
38 creatures vanquished.

Notes
Turn   | Place    | Note
-------+----------+-------------------------------------------
     0 | D:1      | purpskrrrp the Demigod Hunter began the quest for the Orb.
     0 | D:1      | Reached XP level 1. HP: 17/17 MP: 3/3
   104 | D:1      | Reached skill level 1 in Stealth
   214 | D:1      | Reached XP level 2. HP: 24/24 MP: 4/4
   707 | D:2      | Reached XP level 3. HP: 24/29 MP: 5/5
  1044 | D:2      | Reached skill level 4 in Ranged Weapons
  1162 | D:2      | Identified a scroll of acquirement
  1162 | D:2      | Acquired the +3 pair of seven-league boots {Rampage+∞}
  1162 | D:2      | Found the +3 pair of seven-league boots {Rampage+∞}
  1163 | D:2      | Slain by a gnoll

Illustrated notes

Levels and vault maps discovered:
D:1:      elethiomel_arrival_maze, layout_rooms,
          chequers_ecumenical_altar_island, serial_corexii_hall,
          corexii_hall_statues_s, corexii_hall_statues_i, minmay_misc_feat_roman
D:2:      minmay_razor_zed, layout_basic

Skill      XL: |  1  2  3 |
---------------+----------+-----
Stealth        | 1 2 |  2.0
Fighting       | 2 |  2.5
Dodging        | 2 |  2.4
Ranged Weapons | 4 |  4.0

Action                   || total
-------------------------++-------
 Fire: Shortbow          ||   108
  Use: Scroll            ||     7
       Potion            ||     1
Armor: Leather armour    ||    12
Dodge: Dodged            ||    33

Table legend: (Time is in decaauts)
 A = Elapsed time spent in this place.
 B = Non-inter-level travel time spent in this place.
 C = Inter-level travel time spent in this place.
 D = Time resting spent in this place.
 E = Time spent auto-exploring this place.
 F = Levels seen in this place.
 G = Mean time per level.
                   A        B        C        D        E       F      G
               +--------+--------+--------+--------+--------+-----+--------+
         Total |   1202 |   1200 |      2 |      0 |    944 |   2 |  601.0 |
       Dungeon |   1202 |   1200 |      2 |      0 |    944 |   2 |  601.0 |
               +--------+--------+--------+--------+--------+-----+--------+

Top non-repeatable levels by time:
     D:1: 717 daAuts
     D:2: 484 daAuts
